 Dungeon Crawl Stone Soup version 0.20.1-1-g8b1a95d66d (webtiles) character file.

4 Hvezdomuz the Charmwright (level 1, -2/19 HPs)
             Began as a Naga Skald on Dec 3, 2017.
             Slain by a kobold
             ... wielding a +0 dagger
              (3 damage)
             ... on level 1 of the Dungeon.
             The game lasted 00:02:10 (179 turns).

Hvezdomuz the Charmwright (Naga Skald)               Turns: 179, Time: 00:02:10

Health: -2/19      AC:  1    Str: 13    XL:     1   Next: 60%
Magic:  1/3        EV:  9    Int: 13    God:
Gold:   39         SH:  0    Dex: 10    Spells: 3/4 levels left

rFire    . . .     SeeInvis +   a - +0 spear
rCold    . . .     Gourm    .   (no shield)
rNeg     . . .     Faith    .   b - +0 leather armour
rPois    +         Spirit   .   (no helmet)
rElec    .         Reflect  .   (no cloak)
rCorr    .         Harm     .   (no gloves)
MR       .....                  (no barding)
Stlth    +.........             (no amulet)
Regen    0.1/turn               (no ring)
MPRegen  0.1/turn               (no ring)

@: infused (expiring), very slow
A: see invisible, deformed body, poison resistance, slowness 2, slow metabolism
1, spit poison 1, AC +0
a: Spit Poison


You were on level 1 of the Dungeon.
You were not hungry.

You visited 1 branch of the dungeon, and saw 1 of its levels.

You collected 39 gold pieces.

Inventory:

Hand Weapons
 a - a +0 spear (weapon)
Armour
 b - a +0 leather armour (worn)
Scrolls
 e - a scroll of remove curse {unknown}
 f - a scroll of fear {unknown}
Potions
 i - a potion of heal wounds {unknown}
Books
 c - a book of Battle

   Spells                             Type                      Level
   a - Infusion                       Charms                       1
   b - Shroud of Golubria             Charms/Translocation         2
   c - Song of Slaying                Charms                       2
   d - Spectral Weapon                Hexes/Charms                 3
   e - Regeneration                   Charms/Necromancy            3
Comestibles
 d - a bread ration
 g - 3 fruits
 h - a meat ration


   Skills:
 + Level 2.0 Fighting
 + Level 2.0 Polearms
 + Level 0.8 Armour
 + Level 1.5 Dodging
 + Level 2.0 Spellcasting
 + Level 3.2 Charms


You had 3 spell levels left.
You knew the following spells:

 Your Spells              Type           Power        Failure   Level  Hunger
a - Infusion              Chrm           #...         9%          1    ##.....


Dungeon Overview and Level Annotations

Branches:
Dungeon (1/15)

Altars:


Innate Abilities, Weirdness & Mutations

You cannot wear boots.
Your serpentine skin is tough. (AC +0)
You have supernaturally acute eyesight. (SInv)
Armour fits poorly on your strangely shaped body.
Your system is resistant to poisons. (rPois)
You cover ground very slowly.
You have a slow metabolism.
You can spit poison.


Message History

You kill the hobgoblin!
You barely miss the leopard gecko. The leopard gecko barely misses you.
You closely miss the leopard gecko. The leopard gecko bites you.
You barely miss the leopard gecko. The leopard gecko barely misses you.
The leopard gecko closely misses you.
You closely miss the leopard gecko. The leopard gecko closely misses you.
You closely miss the leopard gecko. The leopard gecko barely misses you.
You barely miss the leopard gecko. The leopard gecko bites you.
* * * LOW HITPOINT WARNING * * *
Casting: Infusion
Confirm with . or Enter, or press ? or * to list all spells.
Okay, then.
You hit the leopard gecko!
You kill the leopard gecko!
You hit the kobold but do no damage. The kobold hits you with a dagger.
* * * LOW HITPOINT WARNING * * *
The kobold throws a stone.
The stone closely misses you.
Your magical infusion is running out.
The kobold hits you with a dagger.
You die...

##
####################.
#..K@.............##.
#.###########........
#.# #....###.. #)#
##...# #.. #.#
##..###.. #.#
#....... ... #.#####.
#.# ##'## ## #.#
##...##


You could see a kobold.

Vanquished Creatures
  A leopard gecko (D:1)
  A hobgoblin (D:1)
  A bat (D:1)
3 creatures vanquished.

Notes
Turn   | Place    | Note
-------+----------+-------------------------------------------
     0 | D:1      | Hvezdomuz the Naga Skald began the quest for the Orb.
     0 | D:1      | Reached XP level 1. HP: 19/19 MP: 3/3
     6 | D:1      | Noticed a draconian
     8 | D:1      | Noticed a naga
    10 | D:1      | Noticed a demigod
    12 | D:1      | Noticed a gargoyle
    12 | D:1      | Noticed a troll
    14 | D:1      | Noticed a centaur
    14 | D:1      | Noticed an elf
    16 | D:1      | Noticed a merfolk
    16 | D:1      | Noticed an octopode
    18 | D:1      | Noticed a formicid
    18 | D:1      | Noticed a tengu
    20 | D:1      | Noticed a halfling
    20 | D:1      | Noticed a dwarf
    22 | D:1      | Noticed a felid
    22 | D:1      | Noticed a vampire
    24 | D:1      | Noticed a human
    26 | D:1      | Noticed a spriggan
    26 | D:1      | Noticed a demonspawn
    28 | D:1      | Noticed an ogre
    28 | D:1      | Noticed a vine stalker
    30 | D:1      | Noticed a ghoul
    30 | D:1      | Noticed a minotaur
   179 | D:1      | Slain by a kobold

Action                   || total
-------------------------++-------
Melee: Spear             ||    16
 Cast: Infusion          ||     1
Armor: Leather armour    ||     1
Dodge: Dodged            ||    10
